 Dungeon Crawl Stone Soup version 0.27-a0-1555-g0e7b3fb1d2 (webtiles) character file.

Game seed: 14978512277931036806

1947 lunkers the Grappler (level 9, -6/68 HPs)
             Began as a Ghoul Warper on July 14, 2021.
             Was a Follower of Cheibriados.
             Mangled by a troll (7 damage)
             ... on level 8 of the Dungeon.
             The game lasted 00:13:25 (5733 turns).

lunkers the Grappler (Ghoul Warper)                 Turns: 5733, Time: 00:13:25

Health: -6/68      AC:  8    Str: 21    XL:     9   Next: 18%
Magic:  8/10       EV: 10    Int: 11    God:    Cheibriados [*.....]
Gold:   141        SH:  0    Dex: 11    Spells: 9/11 levels left

rFire    . . .     SeeInvis .     - Unarmed
rCold    + . .     Faith    .   (no shield)
rNeg     + + +     Spirit   .   o - +0 scale mail
rPois    ∞         Reflect  .   (no helmet)
rElec    .         Harm     .   (no cloak)
rCorr    .         Rampage  .   (no gloves)
Will     .....                  A - +1 pair of boots
Stlth    ..........             l - amulet of regeneration
HPRegen  0.00/turn              (no ring)
MPRegen  0.12/turn              (no ring)

@: very slow
A: claws 1, cold resistance 1, negative energy resistance 3, inhibited
regeneration, torment resistance 2
a: Renounce Religion, Bend Time


You were on level 8 of the Dungeon.
You worshipped Cheibriados.
Cheibriados was aware of your devotion.
You visited 1 branch of the dungeon, and saw 8 of its levels.

You collected 397 gold pieces.
You spent 256 gold pieces at shops.

Inventory:

Missiles
 c - 3 boomerangs of dispersal
 p - 8 boomerangs
 C - 16 poisoned darts (quivered)
Armour
 o - a +0 scale mail (worn)
 A - a +1 pair of boots (worn)
 F - the +1 chain mail of Sicro {rC+ rN+ Int+4 Dex-5 SInv}
   (You bought it in a shop on level 7 of the Dungeon)

   Int:       It affects your intelligence (+4).
   Dex:       It affects your dexterity (-5).
   rC:        It protects you from cold.
   rN:        It protects you from negative energy.
   SInv:      It lets you see invisible.
Jewellery
 l - an amulet of regeneration (around neck)
 E - a ring of magical power
Wands
 a - a wand of digging (5)
 r - a wand of iceblast (14)
 H - a wand of polymorph (6)
Scrolls
 b - 2 scrolls of blinking
 e - 2 scrolls of immolation {unknown}
 h - 2 scrolls of enchant armour {unknown}
 i - a scroll of noise {unknown}
 j - 2 scrolls of enchant weapon {unknown}
 k - 4 scrolls of teleportation {unknown}
 n - 4 scrolls of identify {unknown}
 s - a scroll of fear {unknown}
 w - a scroll of acquirement {unknown}
 y - 2 scrolls of fog {unknown}
 B - a scroll of holy word {unknown}
 D - 2 scrolls of amnesia {unknown}
 G - 2 scrolls of brand weapon {unknown}
Potions
 d - 2 potions of brilliance {unknown}
 f - 3 potions of flight {unknown}
 g - 2 potions of might {unknown}
 m - a potion of cancellation {unknown}
 q - 3 potions of attraction {unknown}
 t - a potion of invisibility {unknown}
 u - 3 potions of curing {unknown}
 v - 2 potions of berserk rage {unknown}
 x - a potion of heal wounds {unknown}
 z - 2 potions of degeneration {unknown}


   Skills:
 + Level 2.6 Fighting
 - Level 0.8 Throwing
 - Level 0.8 Armour
 - Level 1.7 Dodging
 * Level 12.4 Unarmed Combat
 - Level 1.7 Spellcasting
 - Level 2.6 Translocations
 * Level 1.2 Invocations


You had 9 spell levels left.
You knew the following spells:

 Your Spells              Type           Power      Damage    Failure   Level
b - Blink                 Tloc           N/A        N/A       38%         2

Your spell library contained the following spells:

 Spells                   Type           Power      Damage    Failure   Level
 Apportation              Tloc           12%        N/A       28%         1
 Animate Skeleton         Necr           0%         N/A       63%         1
 Corona                   Hex            0%         N/A       63%         1
 Freeze                   Ice            0%         1d3       63%         1
 Pain                     Necr           0%         1d4       63%         1
 Shock                    Conj/Air       0%         1d3       63%         1
 Sting                    Tmut/Pois      0%         1d3       63%         1
 Summon Small Mammal      Summ           0%         N/A       63%         1
 Gell's Gravitas          Tloc           3%         N/A       63%         3
 Lesser Beckoning         Tloc           3%         N/A       63%         3
 Teleport Other           Tloc           6%         N/A       63%         3
 Poisonous Vapours        Pois/Air       0%         N/A       77%         2
 Slow                     Hex            0%         N/A       77%         2
 Confusing Touch          Hex            0%         N/A       94%         3
 Conjure Flame            Conj/Fire      0%         6-21      94%         3
 Frozen Ramparts          Ice            0%         1d2       94%         3
 Mephitic Cloud           Conj/Pois/Air  0%         N/A       94%         3
 Tukima's Dance           Hex            0%         N/A       94%         3
 Vampiric Draining        Necr           0%         2d6       94%         3
 Passage of Golubria      Tloc           N/A        N/A       95%         4
 Hailstorm                Conj/Ice       0%         3d3       100%        4
 Alistair's Intoxication  Tmut/Pois      0%         N/A       100%        5
 Freezing Cloud           Conj/Ice/Air   0%         6-21      100%        5
 Manifold Assault         Tloc           6%         N/A       100%        5
 Yara's Violent Unravell  Hex/Tmut       0%         3d3       100%        5
 Iron Shot                Conj/Erth      0%         9d1       100%        6
 Lehudib's Crystal Spear  Conj/Erth      0%         10d2      100%        8


Dungeon Overview and Level Annotations

Branches:
Dungeon (8/15)             Temple (0/1) D:7
   Lair: D:8-11

Altars:
Ashenzari
Cheibriados
Makhleb
Nemelex Xobeh
Xom
Yredelemnul
Zin

Shops:
D:2 ****   D:4 :   D:7 [


Innate Abilities, Weirdness & Mutations

You thrive by killing the living.
You are immune to poison.
You have sharp fingernails.
Your flesh is cold resistant. (rC+)
You are immune to negative energy. (rN+++)
You do not regenerate when monsters are visible.
You are immune to unholy pain and torment.


Message History

A troll comes into view.
Okay, then.
The flow of time bends around you.
Cheibriados rebukes the troll.
The troll seems to slow down.
You scratch the troll.
The troll is lightly wounded.
The troll bites you but does no damage. The troll claws you but does no damage.
The troll closely misses you.
You claw the troll! Your claw misses the troll.
The troll is moderately wounded.
You scratch the troll but do no damage.
The troll is moderately wounded.
The troll barely misses you. x2; The troll claws you!
* * * LOW HITPOINT WARNING * * *
You closely miss the troll.
The troll is moderately wounded.
The mummy closely misses you. The troll bites you.
* * * LOW HITPOINT WARNING * * *
The troll claws you!
* * * LOW HITPOINT WARNING * * *
The troll claws you.
* * * LOW HITPOINT WARNING * * *
You scratch the troll but do no damage.
The troll is moderately wounded.
You barely miss the troll.
The troll is moderately wounded.
The mummy hits you.
* * * LOW HITPOINT WARNING * * *
The troll barely misses you. The troll claws you.
* * * LOW HITPOINT WARNING * * *
The troll completely misses you.
You mangle the troll!!
The troll is severely wounded.
You barely miss the troll.
The troll is severely wounded.
The troll closely misses you. The troll claws you!
* * * LOW HITPOINT WARNING * * *
The troll claws you!
You die...

#.##..#
.....
#.#...#
...##
#.....##
+.
#.#....##
##
#.##.##.#
#.......#
####.####
#T# #@#
#M# #.#
#)#######
#.....M..
########.


You could see a troll (slow) and a mummy.

Vanquished Creatures
  A wraith (D:5)
  A steam dragon (D:8)
  An orc warrior (D:7)
  A sky beast (D:7)
  An ice beast (D:7)
  3 phantoms
  2 kobold brigands
  A bullfrog (D:7)
  A scorpion (D:5)
  4 wights
  A centaur zombie (D:7)
  4 jellies
  2 hounds
  3 orc priests
  A bullfrog skeleton (D:6)
  3 iguanas (D:6)
  Ijyb (D:3)
  2 orc wizards
  A hound skeleton (D:4)
  A mummy (D:6)
  9 adders
  A shadow imp (D:5)
  A white imp (D:8)
  2 ufetubi
  2 worms (D:2)
  2 dart slugs
  25 orcs
  6 bats
  5 endoplasms
  A giant cockroach (D:1)
  8 goblins
  5 hobgoblins
  10 jackals
  14 kobolds
  3 quokkas
  3 ball pythons
  8 frilled lizards (D:1)
  4 hobgoblin zombies (D:6)
  3 rats
147 creatures vanquished.

Vanquished Creatures (others)
  3 toadstools (D:8)
3 creatures vanquished.

Grand Total: 150 creatures vanquished

Notes
Turn   | Place    | Note
-------+----------+-------------------------------------------
     0 | D:1      | lunkers the Ghoul Warper began the quest for the Orb.
     0 | D:1      | Reached XP level 1. HP: 17/17 MP: 2/2
   110 | D:1      | Reached XP level 2. HP: 24/24 MP: 3/3
   139 | D:1      | Reached skill level 3 in Unarmed Combat
   446 | D:1      | Reached XP level 3. HP: 29/29 MP: 4/4
   733 | D:1      | Reached skill level 4 in Unarmed Combat
   940 | D:2      | Found Vuciwilu's General Store.
   944 | D:2      | Found Ehuhodov's Assorted Antiques.
  1069 | D:2      | Found Hesoraps's General Store.
  1080 | D:2      | Got the Almanac of Envenoming and the Rocks
  1341 | D:2      | Reached XP level 4. HP: 36/36 MP: 5/5
  1508 | D:2      | Found Egunacs's General Store.
  1679 | D:3      | Reached skill level 5 in Unarmed Combat
  2026 | D:3      | Found a faded altar of an unknown god.
  2063 | D:3      | Noticed Ijyb
  2073 | D:3      | Killed Ijyb
  2074 | D:3      | Reached XP level 5. HP: 19/41 MP: 6/6
  2441 | D:3      | Reached skill level 6 in Unarmed Combat
  2533 | D:4      | Found a shimmering altar of Xom.
  2590 | D:4      | Noticed a phantom
  2599 | D:5      | Entered Level 5 of the Dungeon
  2615 | D:5      | Killed a phantom
  2616 | D:5      | Reached XP level 6. HP: 6/48 MP: 7/7
  2707 | D:5      | Reached skill level 7 in Unarmed Combat
  3107 | D:4      | Found Muaciawki's Book Boutique.
  3162 | D:5      | Found a broken altar of Ashenzari.
  3247 | D:5      | Got the Collected Works on Burning Flight
  3300 | D:5      | Reached skill level 8 in Unarmed Combat
  3300 | D:5      | Reached XP level 7. HP: 54/55 MP: 8/8
  3454 | D:5      | Noticed a wraith
  3494 | D:5      | Killed a wraith
  3495 | D:5      | Reached skill level 9 in Unarmed Combat
  4056 | D:6      | Reached XP level 8. HP: 53/61 MP: 9/9
  4088 | D:6      | Found a basalt altar of Yredelemnul.
  4176 | D:5      | Reached skill level 10 in Unarmed Combat
  4512 | D:6      | Found Cebrus's Commerce Corner.
  4565 | D:6      | Found a sparkling altar of Nemelex Xobeh.
  4571 | D:6      | Found a snail-covered altar of Cheibriados.
  4571 | D:6      | Found a burning altar of Makhleb.
  4845 | D:6      | Became a worshipper of Cheibriados the Contemplative
  4997 | D:7      | Reached skill level 11 in Unarmed Combat
  5136 | D:7      | Reached * piety under Cheibriados
  5140 | D:7      | Learned a level 2 spell: Blink
  5228 | D:7      | Reached skill level 12 in Unarmed Combat
  5228 | D:7      | Reached XP level 9. HP: 54/67 MP: 10/10
  5327 | D:7      | Found a staircase to the Ecumenical Temple.
  5426 | D:7      | Found Rajekk's Antique Armour Shop.
  5434 | D:7      | Bought a shimmering chain mail for 256 gold pieces
  5434 | D:7      | Identified the +1 chain mail of Sicro {rC+ rN+ Int+4 Dex-5
                  | SInv} (You bought it in a shop on level 7 of the Dungeon)
  5700 | D:8      | Reached skill level 1 in Invocations
  5720 | D:8      | Noticed a troll
  5733 | D:8      | HP: 1/68 [troll (8)]
  5733 | D:8      | Mangled by a troll

Illustrated notes

Levels and vault maps discovered:
D:1:      dpeg_arrival_ternary, layout_basic, minmay_lizard_pond
D:2:      layout_basic, serial_shops, nicolae_shop_overgrown_old_shop,
          nicolae_shop_window_shopping, shop_coins, shop_statue
D:3:      layout_basic, shapermc_ecumenical_altar_mp_urbaneastern, uniq_ijyb
D:4:      layout_rooms, mainiacjoe_overflow_boulevard, serial_shops,
          kennysheep_mini, grunt_ministairs_3, minmay_misc_feat_enclosed,
          hangedman_abyss_or_decor_stagger
D:5:      layout_gridville, ashenzari_altar_1
D:6:      layout_loops_cross, minitemple, mainiacjoe_overflow_brackets,
          nicolae_alphabet_shops, minmay_mini_ossuary
D:7:      layout_basic, temple_green, serial_shops, nicolae_shop_statue_plus,
          kennysheep_generic_room_3
D:8:      layout_loops_corners, lemuel_round_altar, nicolae_ossuary_entry_giza,
          minmay_gold_behind_fungi

Skill      XL: |  1  2  3  4  5  6  7  8  9 |
---------------+----------------------------+-----
Unarmed Combat | 3 4 5 6 8 9 12 | 12.4
Invocations    | 1 |  1.2
Fighting       | |  2.6
Throwing       | |  0.8
Armour         | |  0.8
Dodging        | |  1.7
Spellcasting   | |  1.7
Translocations | |  2.6

Action                   |  1- 3 |  4- 6 |  7- 9 || total
-------------------------+-------+-------+-------++-------
Melee: Unarmed           |   132 |   162 |   234 ||   528
       Punch             |     3 |     2 |    10 ||    15
Throw: Dart              |       |       |    14 ||    14
       Boomerang         |       |       |     2 ||     2
Invok: Bend Time         |       |       |     2 ||     2
Evoke: Wand              |       |     9 |     4 ||    13
 Stab: Paralysed         |       |    12 |     5 ||    17
Armor: Leather armour    |    34 |    13 |       ||    47
       Scale mail        |       |    37 |    79 ||   116
Dodge: Dodged            |    61 |    97 |    91 ||   249

Table legend: (Time is in decaauts)
 A = Elapsed time spent in this place.
 B = Non-inter-level travel time spent in this place.
 C = Inter-level travel time spent in this place.
 D = Time resting spent in this place.
 E = Time spent auto-exploring this place.
 F = Levels seen in this place.
 G = Mean time per level.
                   A        B        C        D        E       F      G
               +--------+--------+--------+--------+--------+-----+--------+
         Total |   5924 |   5644 |    280 |     86 |   4316 |   8 |  740.5 |
       Dungeon |   5924 |   5644 |    280 |     86 |   4316 |   8 |  740.5 |
               +--------+--------+--------+--------+--------+-----+--------+

Top non-repeatable levels by time:
     D:5: 1014 daAuts
     D:6: 890 daAuts
     D:3: 883 daAuts
     D:1: 847 daAuts
     D:7: 712 daAuts
     D:2: 707 daAuts
     D:4: 538 daAuts
     D:8: 329 daAuts
